 Dungeon Crawl Stone Soup version 0.30-a0-719-gcc4359ea44 (webtiles) character file.

Game seed: 13870502537661995468

275 jlumianski the Covered (level 6, 0/47 HPs)
             Began as a Demonspawn Fighter on Jan 26, 2023.
             Slain by a gnoll bouda
             ... wielding a +0 whip
              (11 damage)
             ... on level 5 of the Dungeon.
             The game lasted 00:09:25 (3346 turns).

jlumianski the Covered (Demonspawn Fighter)         Turns: 3346, Time: 00:09:25

Health: 0/47       AC: 10    Str: 18    XL:     6   Next: 3%
Magic:  6/6        EV:  9    Int:  9    God:
Gold:   164        SH:  4    Dex: 13    Spells: 5/5 levels left

rFire   . . .      SeeInvis .    a - +1 war axe
rCold   . . .      Faith    .    c - +0 buckler
rNeg    . . .      Spirit   .    b - +0 scale mail
rPois   .          Reflect  .    (helmet restricted)
rElec   .          Harm     .    (no cloak)
rCorr   +          Rampage  .    g - +2 pair of gloves
Will    .....                    (no boots) Stlth
                                 (no amulet)
HPRegen 0.27/turn                p - ring of resist corrosion
MPRegen 0.10/turn                (no ring)

@: weakened
A: antennae 2, hooves 1
a: no special abilities


You were on level 5 of the Dungeon.
You visited 1 branch of the dungeon, and saw 5 of its levels.

You collected 164 gold pieces.

Inventory:

Hand Weapons
 a - a +1 war axe (weapon)
Missiles
 l - 16 stones (quivered)
Armour
 b - a +0 scale mail (worn)
 c - a +0 buckler (worn)
 g - a +2 pair of gloves (worn)
Jewellery
 p - a ring of resist corrosion (left hand)
 s - an amulet of faith
Scrolls
 e - 2 scrolls of poison
 f - a scroll of fear
 j - a scroll of noise
 k - a scroll of enchant weapon
 n - a scroll of teleportation
Potions
 d - a potion of might
 i - a potion of mutation
 m - a potion of resistance {unknown}
 o - a potion of magic {unknown}
 q - a potion of curing
 r - a potion of lignification {unknown}


   Skills:
 + Level 3.6 Fighting
 + Level 3.7 Axes
 + Level 0.1 Throwing
 + Level 4.0 Armour
 + Level 1.5 Dodging
 + Level 0.1 Stealth
 + Level 3.1 Shields


You had 5 spell levels left.
You didn't know any spells.
Your spell library contained the following spells:

 Spells                   Type           Power      Damage    Failure   Level
 Ensorcelled Hibernation  Hex/Ice        0%         N/A       94%         2
 Kindle Blastsparks       Fire/Tloc/Air  0%         2d10      99%         3
 Spider Form              Tmut/Pois      0%         N/A       99%         3
 Anguish                  Hex/Necr       0%         N/A       100%        4
 Fulminant Prism          Conj/Hex       0%         3d5       100%        4
 Iskenderun's Mystic Bla  Conj/Tloc      0%         2d3       100%        4
 Lee's Rapid Deconstruct  Erth           0%         3d4*      100%        5


Dungeon Overview and Level Annotations

Branches:
Dungeon (5/15)
 Temple: D:4-7

Altars:
Nemelex Xobeh


Innate Abilities, Weirdness & Mutations

You have a pair of antennae on your head.
You have large cloven feet.


Message History

The gnoll attacks as you move away! You block the gnoll's attack.
You hear the hiss of a very distant avalanche of sand.
The gnoll attacks as you move away! The gnoll hits you but does no damage.
There is a stone staircase leading up here.
The gnoll hits you from afar with a +0 halberd.
You climb upwards.
There is a stone staircase leading down here.
You closely miss the gnoll. You kick the gnoll, but do no damage.
The gnoll hits you but does no damage. The gnoll hits you with a +0 whip.
You slash the gnoll! You kick the gnoll.
The gnoll is severely wounded.
You block the gnoll's attack.
You hit the gnoll.
You kill the gnoll!
You see here a +0 whip.
You start resting.
HP restored.
There is a stone staircase leading down, spattered with blood here.
You climb downwards.
You hear the hiss of flowing sand.
There is an entrance to an ossuary on this level.
Hurry and find it before the portal is buried!
You hear the brisk hiss of a very distant avalanche of sand.
The gnoll hits you but does no damage.
There is a stone staircase leading up here.
The gnoll barely misses you. The gnoll hits you with a +0 halberd!
You barely miss the gnoll. Your kick misses the gnoll. You hit the gnoll.
The gnoll closely misses you. The gnoll hits you but does no damage.
The gnoll bouda gazes fiercely through you!
You feel your attacks grow feeble. The gnoll bouda barely misses you.
The gnoll barely misses you. The gnoll closely misses you.
You hit the gnoll bouda.
You kick the gnoll bouda, but do no damage.
The gnoll bouda is moderately wounded.
You hit the gnoll. You closely miss the gnoll.
The gnoll bouda hits you with a +0 whip!
The gnoll hits you with a +0 halberd! The gnoll hits you with a +0 flail!
* * * LOW HITPOINT WARNING * * *
The gnoll bouda hits you with a +0 whip!
You die...

#........#
#........#
#........#
#........# {
#........#
#........#
#######....##.#
#....##...g##.#
#.......รท[@.#..
#........g.g# ..
+.......[.<.# ..
#...###'#####
#### #..# .....
........
#..........
##.#..#...#


You could see a gnoll bouda and 2 gnolls.

Vanquished Creatures
  A scorpion (D:5)
  A jelly (D:5)
  2 hounds
  A gnoll (D:4)
  4 adders
  A worm (D:3)
  3 orcs
  7 ball pythons
  6 bats
  10 endoplasms
  5 giant cockroaches
  5 goblins
  6 hobgoblins
  3 jackals (D:1)
  3 quokkas
  8 frilled lizards
  2 kobolds (D:2)
  9 rats
77 creatures vanquished.

Vanquished Creatures (others)
  38 plants (D:3)
38 creatures vanquished.

Grand Total: 115 creatures vanquished

Notes
Turn   | Place    | Note
-------+----------+-------------------------------------------
     0 | D:1      | jlumianski the Demonspawn Fighter began the quest for the
                  | Orb.
     0 | D:1      | Reached XP level 1. HP: 18/18 MP: 1/1
   222 | D:1      | Discovered your monstrous ancestry.
   222 | D:1      | Gained mutation: You have large cloven feet. [demonic
                  | ancestry]
   222 | D:1      | Reached XP level 2. HP: 24/24 MP: 2/2
   336 | D:1      | Reached skill level 3 in Armour
   745 | D:1      | Gained mutation: You have a pair of small antennae on your
                  | head. [demonic ancestry]
   745 | D:1      | Reached XP level 3. HP: 29/29 MP: 3/3
   985 | D:1      | Found a faded altar of an unknown god.
  1545 | D:2      | Gained mutation: You have a pair of antennae on your head.
                  | [demonic ancestry]
  1545 | D:2      | Reached XP level 4. HP: 35/35 MP: 4/4
  2107 | D:3      | Reached skill level 1 in Dodging
  2155 | D:3      | Identified the +1 leather armour "Loigh" {Dex+3}
  2316 | D:3      | Reached XP level 5. HP: 35/41 MP: 5/5
  2598 | D:3      | Found a sparkling altar of Nemelex Xobeh.
  2998 | D:5      | Entered Level 5 of the Dungeon
  3195 | D:5      | Reached skill level 4 in Armour
  3195 | D:5      | Reached XP level 6. HP: 46/47 MP: 6/6
  3346 | D:5      | Slain by a gnoll bouda

Illustrated notes

Levels and vault maps discovered:
D:1:      minmay_arrival_wavy_path, layout_basic,
          shapermc_ecumenical_altar_ellora
D:2:      layout_loops_ring
D:3:      layout_basic, nemelex_diamond_rough_becter, elyvilon_altar_5,
          serial_bayou, serial_bayou_crossing, serial_bayou_lagoon_a,
          serial_bayou_pond_c, serial_bayou_shore_a, st_stairs_2,
          minmay_lizard_king
D:4:      layout_rooms, overflow_temple_1_default,
          mainiacjoe_overflow_six_doors_small, minmay_manual_maat,
          uniq_crazy_yiuf_cottage, uniq_sigmund
D:5:      layout_gridville, minmay_temple_entry_butterflies,
          chequers_ossuary_entry_cave, serial_shops, nicolae_shop_behind_doors,
          minmay_strange_pillars

Skill      XL: |  1  2  3  4  5 |
---------------+----------------+-----
Armour         | 3 4 |  4.0
Axes           | 2 3 |  3.7
Dodging        | 1 |  1.5
Shields        | 3 |  3.1
Fighting       | |  3.6
Throwing       | |  0.1
Stealth        | |  0.1

Action                     |  1- 3 |  4- 6 || total
---------------------------+-------+-------++-------
  Melee: War axe           |   111 |    87 ||   198
         Kick              |    13 |    22 ||    35
  Throw: Stone             |     3 |     5 ||     8
    Use: Scroll            |       |     9 ||     9
         Potion            |       |     1 ||     1
 Armour: Scale mail        |    91 |    64 ||   155
  Dodge: Dodged            |    74 |    65 ||   139
  Block: Buckler           |    19 |    33 ||    52

Table legend: (Time is in decaauts)
 A = Elapsed time spent in this place.
 B = Non-inter-level travel time spent in this place.
 C = Inter-level travel time spent in this place.
 D = Time resting spent in this place.
 E = Time spent auto-exploring this place.
 F = Levels seen in this place.
 G = Mean time per level.
                   A        B        C        D        E       F      G
               +--------+--------+--------+--------+--------+-----+--------+
         Total |   3470 |   3443 |     27 |     89 |   2189 |   5 |  694.0 |
       Dungeon |   3470 |   3443 |     27 |     89 |   2189 |   5 |  694.0 |
               +--------+--------+--------+--------+--------+-----+--------+

Top non-repeatable levels by time:
     D:1: 1120 daAuts
     D:3: 1116 daAuts
     D:2: 828 daAuts
     D:5: 260 daAuts
     D:4: 144 daAuts
